 Dungeon Crawl Stone Soup version 0.18.1-48-g4cf74bf (webtiles) character file.

4088 nikopol the Spear-Bearer (level 10, -1/89 HPs)
             Began as a Minotaur Berserker on July 25, 2016.
             Was an Elder of Trog.
             Killed from afar by an electric eel (11 damage)
             ... with a bolt of electricity
             ... in a bailey.
             The game lasted 00:15:55 (5217 turns).

nikopol the Spear-Bearer (Minotaur Berserker)       Turns: 5217, Time: 00:15:56

Health: -1/89      AC: 13    Str: 23    XL:     10   Next: 5%
Magic:  9/9        EV: 13    Int:  4    God:    Trog [****..]
Gold:   341        SH:  0    Dex: 12    Spells: 0 memorised, 9 levels left

rFire  . . .     SeeInvis .     c - +1 shortbow
rCold  . . .     Gourm    .     r - +0 scale mail
rNeg   . . .     Faith    .     (shield currently unavailable)
rPois  +         Spirit   .     (helmet restricted)
rElec  .         Dismiss  .     y - +1 cloak
rCorr  +         Reflect  .     v - +2 pair of gloves
SustAt .         Harm     +     (no boots)
MR     .....                    k - amulet of harm
Stlth  ..........               D - ring of resist corrosion
                                j - ring of poison resistance

@: not resistant to hostile enchantments, extremely unstealthy
A: retaliatory headbutt, horns 2
a: Berserk, Trog's Hand, Brothers in Arms, Burn Spellbooks, Renounce Religion


You were in a bailey.
You worshipped Trog.
Trog was greatly pleased with you.
You were not hungry.

You visited 1 branch of the dungeon, and saw 7 of its levels.
You also visited: Bailey.

You collected 341 gold pieces.

Inventory:

Hand Weapons
 c - a +1 shortbow (weapon)
 x - a +0 trident
 M - a +0 spear
Missiles
 n - 138 arrows (quivered)
Armour
 b - a +0 animal skin
 e - a +0 ring mail
 r - a +0 scale mail (worn)
 v - a +2 pair of gloves (worn)
 y - a +1 cloak (worn)
 G - a +3 leather armour
 K - the +1 cloak of the Duke {MR+, unknown}
   (You found it in a bailey)

   It affects your resistance to hostile enchantments.
Jewellery
 j - a ring of poison resistance (left hand)
 k - an amulet of harm (around neck)
 p - an uncursed amulet of rage {unknown}
 D - a ring of resist corrosion (right hand)
Wands
 a - a wand of slowing (34/48)
 H - a wand of iceblast (7/15)
Scrolls
 d - 2 scrolls of remove curse
 i - 3 scrolls of amnesia
 l - 3 scrolls of enchant armour
 m - 7 scrolls of identify
 s - a scroll of teleportation
 z - 4 scrolls of magic mapping
 C - a scroll of blinking {unknown}
Potions
 f - a potion of berserk rage {unknown}
 h - 2 potions of cure mutation {unknown}
 o - 2 potions of mutation {unknown}
 t - 4 potions of brilliance
 u - a potion of beneficial mutation {unknown}
 w - a potion of cancellation {unknown}
 A - a potion of heal wounds {unknown}
 F - a potion of curing {unknown}
 I - a potion of degeneration {unknown}
 L - 2 potions of ambrosia {unknown}
Comestibles
 g - 6 meat rations
 q - 2 chunks of flesh
 B - 5 bread rations
 E - 16 fruits
 J - a slice of pizza


   Skills:
 + Level 8.3 Fighting
 * Level 9.8 Polearms
 * Level 6.6 Bows
 + Level 7.9 Armour
 + Level 7.0 Dodging


You had 9 spell levels left.
You didn't know any spells.

Dungeon Overview and Level Annotations

Branches:
Dungeon (7/15)             Temple (0/1) D:7

Altars:
Dithmenos
Gozag
Kikubaaqudgha
Nemelex Xobeh
Okawaru
Pakellas
Qazlal
Ru
Yredelemnul


Innate Abilities, Weirdness & Mutations

You reflexively headbutt those who attack you in melee.
You have a pair of horns on your head.


Message History

The bolt of electricity hits you!
Firing (i - inventory):
n - 139 arrows (quivered)
Press: ? - help, Shift-Dir - straight line, f/p - electric eel
Aim: an electric eel (lightly wounded)
You shoot an arrow.
The arrow barely misses the electric eel.
You hear a splash.
The electric eel shoots out a bolt of lightning at you!
The bolt of electricity hits you!
* * * LOW HITPOINT WARNING * * *
The electric eel shoots out a bolt of lightning at you!
The bolt of electricity hits you!
* * * LOW HITPOINT WARNING * * *
You are too injured to fight recklessly!
The electric eel shoots out a bolt of lightning at you!
The bolt of electricity hits you!
* * * LOW HITPOINT WARNING * * *
The electric eel shoots out a bolt of lightning at you!
The bolt of electricity hits you!
You die...

≈≈≈≈≈≈≈≈≈≈≈≈≈≈≈ ≈≈≈≈;≈≈≈≈≈≈≈≈≈≈
≈≈≈≈≈≈≈≈≈≈≈≈≈≈≈ ;≈≈≈≈≈≈≈≈≈≈≈≈≈≈
≈≈≈≈≈≈≈≈≈≈≈≈≈≈≈ ≈≈≈≈≈#
#≈≈≈≈≈≈;≈≈≈≈≈≈# ≈≈≈≈≈#
+.............+ ≈≈≈≈≈# #######'#
≈ ≈≈≈≈≈# #.....@.# ≈≈ ≈≈≈≈≈#
#.8.8.8.+ ≈≈≈
≈≈≈≈≈######.......#####+######≈≈≈
≈≈≈≈≈≈.#......#....#..#.#))#.≈≈≈≈
.≈≈≈≈≈.#......#....#..#.#).#.≈≈≈≈
.≈≈≈≈≈.#''#####....#..#.#..#.≈≈≈≈
.≈≈≈≈≈.#.....##....#..#^#..#.≈≈≈≈
.......'.....##....#'##.##'#.;≈≈≈
.......'..⌠..##.._.#...∩...#∩≈≈≈≈


You could see an electric eel.

Vanquished Creatures
  The ghost of Aquadorian the Basher, a novice OgBe of Trog (Bailey)
  An orc high priest (Bailey)
  An orc knight (Bailey)
  An orc sorcerer (Bailey)
  Sigmund (D:3)
  Menkaure (D:6)
  An ice beast (D:4)
  3 orc warriors (Bailey)
  4 centaurs
  An ogre (D:4)
  A gnoll sergeant (D:7)
  3 howler monkeys
  An electric eel (Bailey)
  3 crimson imps (D:5)
  2 giant frog zombies
  A jelly (D:5)
  An orc priest (D:6)
  A hound (D:4)
  3 orc wizards (D:6)
  Terence (D:2)
  6 worker ants
  An iguana (D:5)
  A worker ant zombie (D:5)
  A howler monkey skeleton (D:5)
  10 adders
  8 gnolls
  2 oozes
  An adder skeleton (D:4)
  A dart slug (D:2)
  9 giant geckos
  13 orcs
  4 giant cockroaches
  8 goblins
  15 hobgoblins
  3 jackals (D:1)
  2 quokkas (D:2)
  5 bats
  A giant gecko skeleton (D:4)
  8 giant newts
  3 kobolds
  A quokka zombie (D:5)
  8 rats
143 creatures vanquished.

Notes
Turn   | Place    | Note
--------------------------------------------------------------
     0 | D:1      | nikopol the Minotaur Berserker began the quest for the Orb.
     0 | D:1      | Reached XP level 1. HP: 19/19 MP: 0/0
   246 | D:1      | Reached XP level 2. HP: 26/27 MP: 1/1
   667 | D:2      | Reached skill level 4 in Polearms
   667 | D:2      | Reached XP level 3. HP: 26/33 MP: 2/2
   677 | D:2      | Noticed Terence
   687 | D:2      | Killed Terence
   754 | D:2      | Reached ** piety under Trog
   754 | D:2      | Reached XP level 4. HP: 40/41 MP: 3/3
  1577 | D:3      | Found an iron altar of Okawaru.
  1615 | D:3      | Found an oddly glowing altar of Pakellas.
  1617 | D:3      | Noticed Sigmund
  1622 | D:3      | Killed Sigmund
  1622 | D:3      | Reached skill level 5 in Fighting
  1622 | D:3      | Reached skill level 5 in Polearms
  1622 | D:3      | Reached XP level 5. HP: 48/48 MP: 4/4
  1622 | D:3      | Reached XP level 6. HP: 56/56 MP: 5/5
  2378 | D:4      | Noticed an ice beast
  2390 | D:4      | Killed an ice beast
  2502 | D:4      | Reached skill level 5 in Armour
  2502 | D:4      | Reached XP level 7. HP: 23/61 MP: 6/6
  3042 | D:4      | Reached skill level 6 in Polearms
  3129 | D:5      | Entered Level 5 of the Dungeon
  3181 | D:5      | Found a sacrificial altar of Ru.
  3182 | D:5      | Found a basalt altar of Yredelemnul.
  3312 | D:5      | Reached skill level 5 in Dodging
  3482 | D:5      | Found an ancient bone altar of Kikubaaqudgha.
  3548 | D:5      | Found an opulent altar of Gozag.
  3549 | D:5      | Found a sparkling altar of Nemelex Xobeh.
  3552 | D:5      | Found a stormy altar of Qazlal.
  3552 | D:5      | Found a shadowy altar of Dithmenos.
  3593 | D:5      | Reached XP level 8. HP: 68/71 MP: 7/7
  3750 | D:6      | Noticed Menkaure
  3755 | D:6      | Reached skill level 1 in Bows
  3762 | D:6      | Reached *** piety under Trog
  3765 | D:6      | Killed Menkaure
  3765 | D:6      | Reached skill level 7 in Polearms
  4353 | D:7      | Found a flagged portal.
  4367 | Bailey   | Entered a bailey
  4398 | Bailey   | Noticed Aquadorian's ghost (novice OgBe)
  4415 | Bailey   | Killed Aquadorian's ghost
  4415 | Bailey   | Reached skill level 8 in Polearms
  4415 | Bailey   | Reached XP level 9. HP: 79/79 MP: 8/8
  4599 | Bailey   | Found an iron altar of Okawaru.
  4599 | Bailey   | Noticed an orc sorcerer
  4599 | Bailey   | Noticed an orc high priest
  4600 | Bailey   | Noticed an orange demon
  4608 | Bailey   | Paralysed by an orc sorcerer for 4 turns
  4613 | Bailey   | Noticed a smoke demon
  4618 | Bailey   | Killed an orc sorcerer
  4618 | Bailey   | Reached skill level 5 in Bows
  4645 | Bailey   | Killed an orc high priest
  4645 | Bailey   | Reached skill level 9 in Polearms
  4752 | Bailey   | Reached **** piety under Trog
  4830 | Bailey   | Got a distressingly furry cloak
  4903 | Bailey   | Noticed an orc knight
  4912 | Bailey   | Killed an orc knight
  4912 | Bailey   | Reached XP level 10. HP: 59/88 MP: 9/9
  5217 | Bailey   | Killed from afar by an electric eel

Skill      XL: |  1  2  3  4  5  6  7  8  9 |
---------------+----------------------------+-----
Armour         | 3 4 5 6 7 |  7.9
Fighting       | 4 5 6 7 8 |  8.3
Polearms       | 4 5 6 8 9 |  9.8
Dodging        | 3 4 5 6 7 |  7.0
Bows           | 4 6 |  6.6

Action                   |  1- 3 |  4- 6 |  7- 9 | 10-12 || total
-------------------------+-------+-------+-------+-------++-------
Melee: Spear             |    75 |    92 |   310 |       ||   477
       Headbutt          |     7 |    12 |    54 |     3 ||    76
       Trident           |       |       |     6 |    12 ||    18
 Fire: Shortbow          |       |       |    36 |     6 ||    42
Invok: Berserk           |     1 |     2 |     4 |       ||     7
  Use: Scroll            |       |       |     8 |       ||     8
  Eat: Chunk             |     1 |     6 |    12 |     2 ||    21
Armor: Ring mail         |    14 |    12 |       |       ||    26
       Animal skin       |     1 |       |       |       ||     1
       Scale mail        |       |     8 |    89 |       ||    97
Dodge: Dodged            |    30 |    26 |   131 |     5 ||   192
